 Dungeon Crawl Stone Soup version 0.28.0 (webtiles) character file.

Game seed: 8533178780981267282

77 sasquatch the Cudgeller (level 4, -1/39 HPs)
             Began as a Minotaur Fighter on Feb 9, 2022.
             Slain by a gnoll (2 damage)
             ... on level 2 of the Dungeon.
             The game lasted 00:00:54 (1198 turns).

sasquatch the Cudgeller (Minotaur Fighter)          Turns: 1198, Time: 00:00:55

Health: -1/39      AC:  6    Str: 22    XL:     4   Next: 14%
Magic:  3/3        EV:  9    Int:  5    God:
Gold:   25         SH:  4    Dex: 10    Spells: 3/3 levels left

rFire   . . .      SeeInvis .   a - +0 flail
rCold   . . .      Faith    .   c - +0 buckler
rNeg    . . .      Spirit   .   b - +0 scale mail
rPois   .          Reflect  .   (helmet restricted)
rElec   .          Harm     .   (no cloak)
rCorr   .          Rampage  .   (no gloves)
Will    .....                   (no boots)
Stlth   ..........              (no amulet)
HPRegen 0.13/turn               (no ring)
MPRegen 0.08/turn               (no ring)

@: no status effects
A: horns 2, retaliatory headbutt
a: no special abilities


You were on level 2 of the Dungeon.
You visited 1 branch of the dungeon, and saw 2 of its levels.

You collected 25 gold pieces.

Inventory:

Hand Weapons
 a - a +0 flail (weapon)
Armour
 b - a +0 scale mail (worn)
 c - a +0 buckler (worn)
Scrolls
 f - a scroll of identify {unknown}
Potions
 d - a potion of might
 e - a potion of magic {unknown}


   Skills:
 - Level 3.6 Fighting
 + Level 5.4 Maces & Flails
 - Level 3.6 Armour
 - Level 3.6 Shields


You had 3 spell levels left.
You didn't know any spells.
Your spell library was empty.

Dungeon Overview and Level Annotations

Branches:
Dungeon (2/15)

Altars:


Innate Abilities, Weirdness & Mutations

You have a pair of horns on your head.
You reflexively headbutt those who attack you in melee.


Message History

The gnoll is almost dead.
The gnoll hits you with a +0 whip.
Unknown command.
You closely miss the gnoll. Your headbutt misses the gnoll.
The gnoll is almost dead.
The gnoll barely misses you.
Unknown command.
You sock the gnoll!
You kill the gnoll!
You have reached level 4!
You feel agile.
You thump the rat!
You kill the rat!
Unknown command.
The gnoll hits you with a +0 spear.
Items here: )) ††.
You hit the gnoll.
The gnoll is moderately wounded.
The gnoll hits you with a +0 spear.
* * * LOW HITPOINT WARNING * * *
The gnoll hits you but does no damage.
Unknown command.
You barely miss the gnoll.
The gnoll is moderately wounded.
The gnoll closely misses you.
Unknown command.
You barely miss the gnoll.
The gnoll is moderately wounded.
The gnoll hits you with a +0 spear.
* * * LOW HITPOINT WARNING * * *
Unknown command.
You closely miss the gnoll.
The gnoll is moderately wounded.
The gnoll hits you with a +0 spear.
* * * LOW HITPOINT WARNING * * *
Unknown command.
You closely miss the gnoll.
The gnoll is moderately wounded.
The gnoll hits you with a +0 spear.
You die...

#.# #...... ##.# ####.#
....... ..####.## #....#
#......###........
#....# #...g....>..
.....# #.##gg......
.....###### #w##....w...
...#......# #K##..K.....
...#.####.# #g##........
...#.#..#.# #@##........
####.#..#.# #.##........
#.#.<#.######.##........
#.##.#.#.......#
#....#.#..(....#
######)#.......#
#.#.......# #.#.......#
#.#.......#


You could see a worm, a gnoll and a kobold.

Vanquished Creatures
  4 gnolls
  3 dart slugs (D:1)
  10 ball pythons
  3 bats (D:1)
  2 endoplasms (D:1)
  A giant cockroach (D:1)
  A hobgoblin (D:1)
  2 jackals (D:1)
  2 frilled lizards
  3 goblins (D:1)
  3 rats
34 creatures vanquished.

Notes
Turn   | Place    | Note
-------+----------+-------------------------------------------
     0 | D:1      | sasquatch the Minotaur Fighter began the quest for the Orb.
     0 | D:1      | Reached XP level 1. HP: 19/19 MP: 0/0
    68 | D:1      | Reached skill level 3 in Maces & Flails
    82 | D:1      | Reached XP level 2. HP: 9/26 MP: 1/1
   667 | D:1      | Found a faded altar of an unknown god.
   713 | D:1      | Reached skill level 4 in Maces & Flails
   865 | D:1      | Reached XP level 3. HP: 28/31 MP: 2/2
  1183 | D:2      | Reached skill level 5 in Maces & Flails
  1192 | D:2      | Reached XP level 4. HP: 18/39 MP: 3/3
  1197 | D:2      | HP: 1/39 [gnoll (6)]
  1198 | D:2      | Slain by a gnoll

Illustrated notes

Levels and vault maps discovered:
D:1:      minmay_arrival_up_and_down, layout_basic,
          ebering_ecumenical_altar_rust
D:2:      layout_basic, uniq_natasha

Skill      XL: |  1  2  3 |
---------------+----------+-----
Maces & Flails | 3 4 5 |  5.4
Fighting       | |  3.6
Armour         | |  3.6
Shields        | |  3.6

Action                   |  1- 3 |  4- 6 || total
-------------------------+-------+-------++-------
Melee: Flail             |    70 |     6 ||    76
       Headbutt          |     2 |       ||     2
Armor: Scale mail        |    27 |     1 ||    28
Dodge: Dodged            |    34 |     1 ||    35
Block: Buckler           |    16 |       ||    16
